 Dungeon Crawl Stone Soup version 0.19.1 (webtiles) character file.

43 Firecrotchwizard the Conjurer (level 3, 0/19 HPs)
             Began as a Deep Elf Conjurer on Dec 19, 2016.
             Slain by a goblin
             ... wielding a +0 club
             ... led by Robin
              (5 damage)
             ... on level 2 of the Dungeon.
             The game lasted 00:02:50 (1146 turns).

Firecrotchwizard the Conjurer (Deep Elf Conjurer)   Turns: 1146, Time: 00:02:51

Health: 0/19       AC:  2    Str:  6    XL:     3   Next: 37%
Magic:  1/10       EV: 13    Int: 19    God:
Gold:   63         SH:  0    Dex: 15    Spells: 2 memorised, 6 levels left

rFire  . . .     SeeInvis .     d - +0 dagger
rCold  . . .     Gourm    .     a - +0 robe
rNeg   . . .     Faith    .     (no shield)
rPois  .         Spirit   .     (no helmet)
rElec  .         Reflect  .     (no cloak)
rCorr  .         Harm     .     (no gloves)
MR     .....                    (no boots)
Stlth  ++........               (no amulet)
                                (no ring)
                                (no ring)

@: no status effects
A: no striking features
a: no special abilities


You were on level 2 of the Dungeon.
You were not hungry.

You visited 1 branch of the dungeon, and saw 2 of its levels.

You collected 63 gold pieces.

Inventory:

Hand Weapons
 d - a +0 dagger (weapon)
Armour
 a - a +0 robe (worn)
Scrolls
 f - 2 scrolls of magic mapping {unknown}
 g - a scroll of amnesia {unknown}
 h - a scroll of remove curse {unknown}
 i - a scroll of teleportation {unknown}
 j - a scroll of identify {unknown}
 k - 2 scrolls of fog {unknown}
Potions
 e - a potion of curing {unknown}
Books
 b - a book of Conjurations

   Spells                             Type                      Level
   a - Magic Dart                     Conjuration                  1
   b - Searing Ray                    Conjuration                  2
   c - Dazzling Spray                 Conjuration/Hexes            3
   d - Fulminant Prism                Conjuration/Hexes            4
   e - Iskenderun's Mystic Blast      Conjuration                  4
   f - Iskenderun's Battlesphere      Conjuration/Charms           5
Comestibles
 c - a bread ration
 l - a meat ration


   Skills:
 - Level 2.4 Dodging
 - Level 2.4 Stealth
 + Level 3.8 Spellcasting
 * Level 5.3 Conjurations


You had 6 spell levels left.
You knew the following spells:

 Your Spells              Type           Power        Failure   Level  Hunger
a - Magic Dart            Conj           ###.         1%          1    None
b - Searing Ray           Conj           ###...       2%          2    ##.....


Dungeon Overview and Level Annotations

Branches:
Dungeon (2/15)

Altars:


Message History

Aim: Robin, wielding a club, wearing an animal skin and wearing a helmet (severely wounded)
The magic dart hits Robin.
Robin is severely wounded.
The goblin moves out of view.
Robin throws the goblin at you! The goblin closely misses you.
A goblin comes into view. It is wielding a club.
Casting: Magic Dart
Confirm with . or Enter, or press ? or * to list all spells.
Aiming: Magic Dart
Press: ? - help, Shift-Dir - straight line, f/p - Robin
Aim: Robin, wielding a club, wearing an animal skin and wearing a helmet (severely wounded)
The magic dart hits Robin.
You kill Robin!
The goblin hits you. The goblin hits you with a club.
* * * LOW HITPOINT WARNING * * *
2 goblins, a hobgoblin and a kobold come into view.
The goblin shouts!
The hobgoblin shouts!
The goblin wields a hunting sling.
The goblin shoots a stone.
The stone barely misses you. The goblin hits you with a club.
You die...

..#.........# ..#...##.####
g# #.....#..# K# ##.###....#
#(# ...# ###..## gg ####
#..((#####g# .# #.#........
.## ..#......g## ..#
.#####..#@.## #.#####.
...##gg###... .....##. ##
#.##รท.......
#..#.##.##..##....####...
#..............#### #
..###......###.# ###
#.....###.#
##.......#.############
#####...##...#......#.....##


You could see a hobgoblin, 6 goblins and a kobold.

Vanquished Creatures
  Robin (D:2)
  An ooze (D:1)
  6 bats (D:1)
  A giant cockroach (D:1)
  6 goblins
  A hobgoblin (D:1)
  5 kobolds
  A quokka (D:2)
  A frilled lizard (D:1)
  5 rats
28 creatures vanquished.

Notes
Turn   | Place    | Note
-------+----------+-------------------------------------------
     0 | D:1      | Firecrotchwizard the Deep Elf Conjurer began the quest for the Orb.
     0 | D:1      | Reached XP level 1. HP: 10/10 MP: 6/6
   203 | D:1      | Reached XP level 2. HP: 12/15 MP: 0/8
   207 | D:1      | Learned a level 2 spell: Searing Ray
   515 | D:1      | Reached skill level 5 in Conjurations
  1090 | D:2      | Reached XP level 3. HP: 19/19 MP: 6/10
  1139 | D:2      | Noticed Robin
  1145 | D:2      | Killed Robin
  1146 | D:2      | Slain by a goblin

Skill      XL: |  1  2 |
---------------+-------+-----
Conjurations   | 5 |  5.3
Dodging        | |  2.4
Stealth        | |  2.4
Spellcasting   | |  3.8

Action                   || total
-------------------------++-------
Melee: Unarmed           ||    10
       Dagger            ||     2
 Cast: Magic Dart        ||    50
  Eat: Chunk             ||     1
Armor: Robe              ||     7
Dodge: Dodged            ||    25
